 Dungeon Crawl Stone Soup version 0.26.1-11-gd32895ea62 (webtiles) character file.

Game seed: 15418384969658301565

48 Ijustatesigmund the Skirmisher (level 3, 0/29 HPs)
             Began as a Demonspawn Fighter on Apr 21, 2021.
             Slain by a goblin
             ... wielding a +0 dagger of protection
             ... led by Robin
              (1 damage)
             ... on level 2 of the Dungeon.
             The game lasted 00:01:23 (1089 turns).

Ijustatesigmund the Skirmisher (Demonspawn Fighter) Turns: 1089, Time: 00:01:25

Health: 0/29       AC:  6    Str: 16    XL:     3   Next: 50%
Magic:  0/3        EV:  7    Int:  9    God:
Gold:   29         SH:  8    Dex: 13    Spells: 2/2 levels left

rFire    . . .     SeeInvis .   a - +0 war axe
rCold    . . .     Faith    .   c - +0 kite shield
rNeg     . . .     Spirit   +   b - +0 scale mail
rPois    .         Reflect  .   (no helmet)
rElec    .         Harm     .   (no cloak)
rCorr    .         Rampage  .   (no gloves)
Will     .....                  (no boots)
Stlth    ..........             (no amulet)
HPRegen  0.09/turn              (no ring)
MPRegen  0.08/turn              (no ring)

@: no status effects
A: powered by pain 1, magic shield
a: no special abilities


You were on level 2 of the Dungeon.
You visited 1 branch of the dungeon, and saw 2 of its levels.

You collected 29 gold pieces.

Inventory:

Hand Weapons
 a - a +0 war axe (weapon)
Missiles
 h - 7 atropa-tipped darts (quivered)
Armour
 b - a +0 scale mail (worn)
 c - a +0 kite shield (worn)
Scrolls
 g - a scroll of amnesia {unknown}
 i - a scroll of immolation {unknown}
 j - a scroll of identify
Potions
 d - a potion of might
 e - 2 potions of attraction
 f - a potion of berserk rage {unknown}
 k - a potion of haste {unknown}
 l - a potion of curing {unknown}


   Skills:
 + Level 3.4 Fighting
 * Level 2.8 Axes
 - Level 2.6 Armour
 + Level 1.2 Dodging
 - Level 2.6 Shields


You had 2 spell levels left.
You didn't know any spells.
Your spell library was empty.

Dungeon Overview and Level Annotations

Branches:
Dungeon (2/15)

Altars:

Annotations:
D:2 Robin


Innate Abilities, Weirdness & Mutations

You sometimes gain a little power by taking damage.
When hurt, damage is shared between your health and your magic reserves.


Message History

You slash the goblin!
You kill the goblin!
You hit the goblin.
You kill the goblin!
The jackal stops to sniff the ground.
Robin throws the goblin at you! You block the goblin's attack.
The goblin closely misses you. The goblin hits you but does no damage.
The hobgoblin barely misses you. Robin throws the goblin at you!
The goblin hits you with a +0 club.
* * * LOW HITPOINT WARNING * * *
As you read the scroll labelled XINOH SOLISCH, it crumbles to dust.
It is a scroll of identify.
e - 2 potions of attraction The goblin hits you.
* * * LOW HITPOINT WARNING * * *
You block the jackal's attack. The goblin hits you but does no damage.
The jackal bites you but does no damage.
The hobgoblin completely misses you.
The goblin hits you with a +0 dagger of protection.
You die...

#..#.##.#.# #.#
#..#.#....###.#.#
##.#.#..#....)#.#
#..#.#..#.#####.#
#.##.#..#.#.)...#
#.....>.#.(††..##
#......##...##.#
#.ggg.^.#......#
#.g@h...#>..#..#
#.)gh.....#.#..#
#.g.......##...#
.........### ..##
......###.# ..
........# ...
.......## ####
..#####


You could see Robin, 2 jackals, a hobgoblin (strong) and 4 goblins.

Vanquished Creatures
  An adder (D:2)
  A dart slug (D:1)
  A leopard gecko (D:2)
  8 goblins
  3 hobgoblins
  A jackal (D:2)
  5 kobolds
  2 quokkas (D:2)
  5 bats
  3 frilled lizards
  4 rats
34 creatures vanquished.

Vanquished Creatures (others)
  10 toadstools (D:2)
10 creatures vanquished.

Grand Total: 44 creatures vanquished

Notes
Turn   | Place    | Note
-------+----------+-------------------------------------------
     0 | D:1      | Ijustatesigmund the Demonspawn Fighter began the quest for
                  | the Orb.
     0 | D:1      | Reached XP level 1. HP: 18/18 MP: 1/1
   312 | D:1      | Gained mutation: You sometimes gain a little power by
                  | taking damage. [demonic ancestry]
   312 | D:1      | Reached XP level 2. HP: 15/24 MP: 2/2
   866 | D:2      | Reached skill level 1 in Dodging
   870 | D:2      | Gained mutation: When hurt, damage is shared between your
                  | health and your magic reserves. [demonic ancestry]
   870 | D:2      | Reached XP level 3. HP: 16/29 MP: 3/3
  1080 | D:2      | Noticed Robin
  1089 | D:2      | HP: 1/29 [goblin[Robin] (5)]
  1089 | D:2      | Slain by a goblin

Illustrated notes

Levels and vault maps discovered:
D:1:      lemuel_arrival_behind_the_door_large, layout_rooms,
          minmay_pentomino_t2
D:2:      cheibrodos_fertilizer, layout_basic, uniq_terence,
          uniq_crazy_yiuf_cottage, uniq_robin

Skill      XL: |  1  2 |
---------------+-------+-----
Axes           | 2 |  2.8
Dodging        | 1 |  1.2
Fighting       | |  3.4
Armour         | |  2.6
Shields        | |  2.6

Action                   || total
-------------------------++-------
Melee: War axe           ||    75
Throw: Dart              ||     1
  Use: Scroll            ||     1
Armor: Scale mail        ||    53
Dodge: Dodged            ||    42
Block: Kite shield       ||    46
